 Dungeon Crawl Stone Soup version 0.31-a0-188-g5e087ee2ca (webtiles) character file.

Game seed: 11216991037923029372

254 qw the Skirmisher (level 5, -18/30 HPs)
             Began as a Deep Elf Hunter on June 23, 2023.
             Demolished by an ogre
             ... wielding a +0 giant club
              (20 damage)
             ... on level 4 of the Dungeon.
             The game lasted 00:01:10 (2938 turns).

qw the Skirmisher (Deep Elf Hunter)                 Turns: 2938, Time: 00:01:11

Health: -18/30     AC: 10    Str: 10    XL:     5   Next: 90%
Magic:  7/7        EV: 12    Int: 14    God:
Gold:   35         SH:  0    Dex: 18    Spells: 4/4 levels left

rFire   . . .        Y - +1 shortbow
rCold   + + +        (shield currently unavailable)
rNeg    . . .        l - +3 leather armour {rC+}
rPois   .            h - +2 helmet
rElec   .            f - +0 cloak
rCorr   .            (no gloves)
SInv    .            (no boots)
Will    .....        (no amulet)
Stlth   ++           i - ring of protection from cold
HPRegen 0.25/turn    (no ring)
MPRegen 0.10/turn

%: no passive effects
@: no status effects
A: cold resistance 1
a: no special abilities


You were on level 4 of the Dungeon.
You visited 1 branch of the dungeon, and saw 5 of its levels.

You collected 155 gold pieces.
You spent 120 gold pieces at shops.


Innate Abilities, Weirdness & Mutations

Your flesh is cold resistant. (rC+)


   Skills:
 - Level 2.0 Fighting
 - Level 9.1 Ranged Weapons
 - Level 0.6 Armour
 + Level 2.6 Dodging
 - Level 1.2 Stealth


You had 4 spell levels left.
You didn't know any spells.
Your spell library was empty.

Inventory:

Hand Weapons
 Y - a +1 shortbow (weapon)
Armour
 f - a +0 cloak (worn)
 h - a +2 helmet (worn)
 l - a +3 leather armour of cold resistance (worn)
Jewellery
 i - a ring of protection from cold (left hand)
Potions
 b - a potion of mutation
 d - a potion of curing
 e - a potion of lignification {unknown}
 g - a potion of attraction {unknown}
 m - a potion of invisibility {unknown}

Dungeon Overview and Level Annotations

Branches:
Dungeon (5/15)
 Temple: D:4-7

Altars:
Dithmenos
Gozag
Yredelemnul

Shops:
D:4 [((

Annotations:
D:4 3 runed translucent doors, qw's ghost, amateur DEHu


Message History

2920 ||| DRINKING 2 smoky brown potions.
It was a potion of curing.
You feel better.
Could not explore, unopened runed door.
(D) Dungeon
Where to? (* - list waypoints, Enter - D:4, ? - help)
What level of the Dungeon? (default 1, ? - help)
There is a stone staircase leading down here.
You climb downwards.
The ogre shouts!
Found a scroll labelled NAMNAORASO, a runed falchion and 8 gold pieces.
Found a stone staircase leading down.
There is a stone staircase leading up here.
There are monsters nearby!
Waypoint 4 assigned to D:5.
You shoot an arrow. The arrow hits the adder.
The adder is heavily wounded.
You shoot an arrow. The arrow hits the adder!
You kill the adder!
You shoot an arrow. The arrow hits the ogre.
The ogre is lightly wounded.
You shoot an arrow. The arrow hits the ogre!
The ogre is moderately wounded.
You shoot an arrow. The arrow hits the ogre.
The ogre is heavily wounded.
You shoot an arrow.
The arrow hits the ogre but does no damage.
The ogre is heavily wounded.
The ogre hits you with a +0 giant club!!
Ouch! That really hurt!
2935 ||| STAIRDANCE You climb upwards.
Level annotation: 3 runed translucent doors, qw's ghost, amateur DEHu
There is a stone staircase leading down here.
You shoot an arrow. The arrow hits the ogre!
The ogre is almost dead.
The ogre barely misses you.
You shoot an arrow. The arrow hits the ogre.
The ogre is almost dead.
The ogre hits you with a +0 giant club!!
Ouch! That really hurt!
You die...

.............##..................
.#...........##..#######.......#.
##...#..####.#..##\8\8.##........
.#..###..###....#...$$..#......#.
.....#...##...###8..8..8##.......
##...#...#......#.KB_...#........
##...%.........###FWg$.##........
####.####.#.....###+++##........#
.....# #........@.....[......####
#..### #.......O.............>.#
#..#####......................##
#.....##............###.....###
...................## #...###
......#...........######...#
....[.#.#..........#......##
........#..)..###.....#...###
.#....#.##..........###.....#


You could see an ogre, a bullfrog, qw's ghost, a gnoll, a giant cockroach and a
kobold.

Vanquished Creatures
  A phantom (D:3)
  An orc wizard (D:3)
  5 adders
  A dart slug (D:1)
  3 worms
  5 orcs (D:3)
  9 ball pythons
  12 endoplasms
  2 giant cockroaches (D:1)
  10 goblins
  6 hobgoblins
  8 jackals
  5 quokkas
  5 bats
  2 frilled lizards
  9 kobolds
  6 rats
90 creatures vanquished.

Notes
Turn   | Place    | Note
-------+----------+-------------------------------------------
     0 | D:1      | qw the Deep Elf Hunter began the quest for the Orb.
     0 | D:1      | Reached XP level 1. HP: 12/12 MP: 3/3
     0 | D:1      | 0 ||| qw: Version: 0.3-a-9-g12657ce
     0 | D:1      | 0 ||| qw: Game counter: 3419
     0 | D:1      | 0 ||| qw: Always use a shield: true
     0 | D:1      | 0 ||| qw: God list: Okawaru
     0 | D:1      | 0 ||| qw: Allow faded altars: false
     0 | D:1      | 0 ||| qw: Do Orc after D:15 true
     0 | D:1      | 0 ||| qw: Do second Lair branch before Depths: true
     0 | D:1      | 0 ||| qw: Lair rune preference: random
     0 | D:1      | 0 ||| qw: Plans: Normal
     0 | D:1      | 0 ||| PLANNING D:1-11
   144 | D:1      | Reached XP level 2. HP: 16/16 MP: 4/4
   147 | D:1      | Reached skill level 6 in Ranged Weapons
   451 | D:1      | Reached XP level 3. HP: 20/20 MP: 5/5
   536 | D:1      | 536 ||| UPGRADING to +0 cloak.
   541 | D:1      | 541 ||| UPGRADING to +0 helmet.
   546 | D:1      | 546 ||| READING scroll labelled UMMELA JEEDGHAI.
   547 | D:1      | 547 ||| READING scroll labelled MIRUMU RA AGH.
   548 | D:1      | 548 ||| DROPPING scroll of butterflies.
   691 | D:2      | Reached skill level 7 in Ranged Weapons
   902 | D:2      | Found a basalt altar of Yredelemnul.
  1412 | D:2      | Reached XP level 4. HP: 25/25 MP: 6/6
  1565 | D:2      | 1565 ||| UPGRADING to +0 ring mail.
  1575 | D:2      | 1575 ||| DROPPING scarf of invisibility.
  1576 | D:2      | 1576 ||| DROPPING +0 leather armour.
  1577 | D:2      | 1577 ||| READING scroll labelled TIRE TAIHOLL.
  1581 | D:2      | 1581 ||| READING scroll labelled XERUSI UXAM.
  1623 | D:3      | HP: 6/25 [poisoned by an adder]
  1625 | D:3      | HP: 2/25 [worm (2)]
  1632 | D:3      | 1632 ||| FLEEEEING.
  1633 | D:3      | 1633 ||| STAIRDANCE
  1792 | D:3      | Found a shadowy altar of Dithmenos.
  2065 | D:3      | Reached skill level 8 in Ranged Weapons
  2149 | D:3      | Noticed a phantom
  2158 | D:3      | Killed a phantom
  2159 | D:3      | Reached skill level 9 in Ranged Weapons
  2159 | D:3      | Reached XP level 5. HP: 29/29 MP: 7/7
  2339 | D:3      | 2339 ||| READING scroll labelled VEUCING GIBE.
  2340 | D:3      | 2340 ||| DRINKING 2 smoky inky potions.
  2340 | D:3      | Gained mutation: Your flesh is cold resistant. (rC+)
                  | [potion of mutation]
  2417 | D:4      | Found a runed translucent gate.
  2420 | D:4      | Found a runed translucent gate.
  2420 | D:4      | Found an opulent altar of Gozag.
  2421 | D:4      | Found a runed translucent gate.
  2435 | D:4      | Found Wiorphuys's Antique Weapon Shop.
  2440 | D:4      | 2440 ||| UPGRADING to ring of protection from cold.
  2599 | D:4      | Found Xapeb's Antique Armour Emporium.
  2603 | D:4      | 2603 ||| BUYING glowing leather armour (120 gold).
  2603 | D:4      | Bought a glowing leather armour for 120 gold pieces
  2603 | D:4      | 2603 ||| SHOPLISTING shiny steam dragon scales (1032 gold,
                  | have 35).
  2749 | D:4      | Noticed qw's ghost (amateur DEHu)
  2879 | D:4      | Found Inaul's Weapon Boutique.
  2904 | D:4      | 2904 ||| UPGRADING to +3 leather armour of cold resistance.
  2914 | D:4      | 2914 ||| DROPPING +0 ring mail.
  2915 | D:4      | 2915 ||| READING 3 scrolls labelled LUOTAK EHOMESCH.
  2916 | D:4      | 2916 ||| READING 2 scrolls of enchant armour.
  2916 | D:4      | 2916 ||| ENCHANTING +0 helmet.
  2917 | D:4      | 2917 ||| READING scroll of enchant armour.
  2917 | D:4      | 2917 ||| ENCHANTING +1 helmet.
  2918 | D:4      | 2918 ||| READING scroll labelled IRHEFEUTTO.
  2919 | D:4      | 2919 ||| READING scroll labelled BOWKUM YDADAE.
  2920 | D:4      | 2920 ||| DRINKING 2 smoky brown potions.
  2928 | D:5      | Entered Level 5 of the Dungeon
  2928 | D:5      | Noticed an ogre
  2934 | D:5      | HP: 1/30 [ogre/+0 giant club (29)]
  2935 | D:5      | 2935 ||| STAIRDANCE
  2938 | D:4      | Demolished by an ogre

Levels and vault maps discovered:
D:1:      dpeg_arrival_lava_temple_mockup, layout_basic
D:2:      layout_basic, basic_altar
D:3:      layout_basic, grunt_dithmenos_smoke, hangedman_decor_clover_reticule,
          nrook_mini_vaults, wander_ebering_terrifying_dragon_lair
D:4:      layout_cave_pools, serial_shops, kennysheep_mini,
          nicolae_shop_hallway_stairs, nicolae_shop_pleasant_corner_grove,
          ebering_ghost_gozag
D:5:      layout_rooms, kennysheep_little_box

Skill      XL: |  1  2  3  4  5 |
---------------+----------------+-----
Ranged Weapons | 6 7 9 |  9.1
Fighting       | 2 |  2.0
Armour         | |  0.6
Dodging        | |  2.6
Stealth        | |  1.2

Action                     |  1- 3 |  4- 6 || total
---------------------------+-------+-------++-------
   Fire: Shortbow          |   109 |   146 ||   255
    Use: Scroll            |     2 |     8 ||    10
         Potion            |       |     2 ||     2
 Armour: Leather armour    |    14 |       ||    14
         Ring mail         |       |    27 ||    27
  Dodge: Dodged            |    29 |    26 ||    55

Table legend:
 A = Non-vault XP
 B = Vault XP
 C = Vault XP percentage of total XP
 D = Non-vault monster count
 E = Vault monster count
 F = Vault count percentage of total count
                 A         B        C        D         E       F
            +---------+---------+-------+---------+---------+-------
      Total |     362 |       1 |   0.3 |      89 |       1 |   1.1
            +---------+---------+-------+---------+---------+-------
        D:1 |      47 |       0 |   0.0 |      26 |       0 |   0.0
        D:2 |      51 |       0 |   0.0 |      23 |       0 |   0.0
        D:3 |     197 |       1 |   0.5 |      21 |       1 |   4.5
        D:4 |      54 |       0 |   0.0 |      18 |       0 |   0.0
        D:5 |      13 |       0 |   0.0 |       1 |       0 |   0.0
            +---------+---------+-------+---------+---------+-------
